[gd_scene load_steps=14 format=3 uid="uid://b7sakh3og21tb"]

[ext_resource type="PackedScene" uid="uid://dv5s2sn6hwp24" path="res://scenes/cenas-scrpits/dash_item.tscn" id="1_4qfju"]
[ext_resource type="Script" path="res://scenes/levels/test_world4.gd" id="1_yswux"]
[ext_resource type="PackedScene" uid="uid://2ye7pmd5h0su" path="res://scenes/cenas-scrpits/player.tscn" id="2_8j48o"]
[ext_resource type="PackedScene" uid="uid://c6jh6a4s43jsf" path="res://scenes/cenas-scrpits/morte.tscn" id="3_3ppkh"]
[ext_resource type="PackedScene" uid="uid://b4nybgdq45qsx" path="res://scenes/cenas-scrpits/movin_plataform_type_l.tscn" id="4_am8v0"]
[ext_resource type="PackedScene" uid="uid://c5s7y6h4uk3db" path="res://scenes/cenas-scrpits/movin_plataform_type_c.tscn" id="6_la707"]

[sub_resource type="RectangleShape2D" id="RectangleShape2D_r1ecx"]
size = Vector2(22.2499, 22.9844)

[sub_resource type="RectangleShape2D" id="RectangleShape2D_x5lux"]
size = Vector2(27, 39.875)

[sub_resource type="RectangleShape2D" id="RectangleShape2D_7hmrq"]
size = Vector2(69, 177.438)

[sub_resource type="RectangleShape2D" id="RectangleShape2D_4a2oj"]
size = Vector2(449.063, 176.726)

[sub_resource type="RectangleShape2D" id="RectangleShape2D_fqs0f"]
size = Vector2(31, 39.875)

[sub_resource type="RectangleShape2D" id="RectangleShape2D_f2y1h"]
size = Vector2(133.251, 190)

[sub_resource type="StyleBoxFlat" id="StyleBoxFlat_q276v"]
bg_color = Color(0.952941, 0.337255, 0.631373, 1)

[node name="Test_world" type="Control"]
layout_mode = 3
anchors_preset = 0
offset_left = 336.0
offset_top = -25.0
offset_right = 376.0
offset_bottom = 15.0
script = ExtResource("1_yswux")

[node name="Camera2D" type="Camera2D" parent="."]
position = Vector2(612, 358)
zoom = Vector2(2, 2)

[node name="StaticBody2D" type="StaticBody2D" parent="."]

[node name="CollisionShape2D9" type="CollisionShape2D" parent="StaticBody2D"]
position = Vector2(690.492, 285.125)
rotation = 1.5708
shape = SubResource("RectangleShape2D_r1ecx")

[node name="CollisionShape2D5" type="CollisionShape2D" parent="StaticBody2D"]
position = Vector2(785, 324)
rotation = 1.5708
shape = SubResource("RectangleShape2D_r1ecx")

[node name="CollisionShape2D3" type="CollisionShape2D" parent="StaticBody2D"]
position = Vector2(643, 308)
rotation = 1.5708
shape = SubResource("RectangleShape2D_x5lux")

[node name="CollisionShape2D4" type="CollisionShape2D" parent="StaticBody2D"]
position = Vector2(696, 371)
rotation = 1.5708
shape = SubResource("RectangleShape2D_r1ecx")

[node name="CollisionShape2D8" type="CollisionShape2D" parent="StaticBody2D"]
position = Vector2(983, 486.5)
rotation = 1.5708
shape = SubResource("RectangleShape2D_7hmrq")

[node name="CollisionShape2D6" type="CollisionShape2D" parent="StaticBody2D"]
position = Vector2(520, -80)
shape = SubResource("RectangleShape2D_4a2oj")

[node name="CollisionShape2D7" type="CollisionShape2D" parent="StaticBody2D"]
position = Vector2(1045, -80)
shape = SubResource("RectangleShape2D_4a2oj")

[node name="CollisionShape2D10" type="CollisionShape2D" parent="StaticBody2D"]
position = Vector2(575, 311)
rotation = 1.5708
shape = SubResource("RectangleShape2D_fqs0f")

[node name="CollisionShape2D12" type="CollisionShape2D" parent="StaticBody2D"]
position = Vector2(431, 361.625)
rotation = 1.5708
shape = SubResource("RectangleShape2D_f2y1h")

[node name="Dash_Item10" parent="." instance=ExtResource("1_4qfju")]
position = Vector2(765, 412)

[node name="MORTE" parent="." instance=ExtResource("3_3ppkh")]
position = Vector2(2467, 2420)
scale = Vector2(100, 100)

[node name="MORTE2" parent="." instance=ExtResource("3_3ppkh")]
position = Vector2(4022, 583)
scale = Vector2(100, 100)

[node name="MORTE3" parent="." instance=ExtResource("3_3ppkh")]
position = Vector2(2246, -481)
scale = Vector2(100, 100)

[node name="MORTE4" parent="." instance=ExtResource("3_3ppkh")]
position = Vector2(704, 885)
scale = Vector2(100, 100)

[node name="MORTE8" parent="." instance=ExtResource("3_3ppkh")]
position = Vector2(1346, -36)
scale = Vector2(32, 1)

[node name="MORTE9" parent="." instance=ExtResource("3_3ppkh")]
position = Vector2(447, 288)

[node name="MORTE10" parent="." instance=ExtResource("3_3ppkh")]
position = Vector2(722, 261)
scale = Vector2(10, 1)

[node name="MORTE19" parent="." instance=ExtResource("3_3ppkh")]
position = Vector2(713, 359)
scale = Vector2(1, 2)

[node name="MORTE23" parent="." instance=ExtResource("3_3ppkh")]
position = Vector2(798, 309)
rotation = -0.785398
scale = Vector2(0.7, 0.7)

[node name="MORTE24" parent="." instance=ExtResource("3_3ppkh")]
position = Vector2(704, 272)
rotation = -0.785398
scale = Vector2(0.7, 0.7)

[node name="Panel12" type="Panel" parent="."]
layout_mode = 0
offset_left = 800.0
offset_top = 368.0
offset_right = 840.0
offset_bottom = 387.0
theme_override_styles/panel = SubResource("StyleBoxFlat_q276v")

[node name="MORTE22" parent="." instance=ExtResource("3_3ppkh")]
position = Vector2(630, 314)
scale = Vector2(1.2, 1)

[node name="Panel14" type="Panel" parent="."]
layout_mode = 0
offset_left = 596.0
offset_top = 297.0
offset_right = 620.0
offset_bottom = 317.0
theme_override_styles/panel = SubResource("StyleBoxFlat_q276v")

[node name="MORTE21" parent="." instance=ExtResource("3_3ppkh")]
position = Vector2(858, 459)
scale = Vector2(2, 1)

[node name="MORTE26" parent="." instance=ExtResource("3_3ppkh")]
position = Vector2(856, 385)
scale = Vector2(2, 1)

[node name="Panel15" type="Panel" parent="."]
layout_mode = 0
offset_left = 802.0
offset_top = 442.0
offset_right = 842.0
offset_bottom = 461.0
theme_override_styles/panel = SubResource("StyleBoxFlat_q276v")

[node name="Panel13" type="Panel" parent="."]
layout_mode = 0
offset_left = 439.0
offset_top = 269.0
offset_right = 457.0
offset_bottom = 288.0
rotation = 1.57079
theme_override_styles/panel = SubResource("StyleBoxFlat_q276v")

[node name="Panel18" type="Panel" parent="."]
layout_mode = 0
offset_left = 641.0
offset_top = 243.0
offset_right = 659.0
offset_bottom = 441.0
rotation = 1.57079
theme_override_styles/panel = SubResource("StyleBoxFlat_q276v")

[node name="Panel19" type="Panel" parent="."]
layout_mode = 0
offset_left = 705.0
offset_top = 324.0
offset_right = 743.0
offset_bottom = 342.0
rotation = 1.57079
theme_override_styles/panel = SubResource("StyleBoxFlat_q276v")

[node name="Panel20" type="Panel" parent="."]
layout_mode = 0
offset_left = 689.0
offset_top = 265.0
offset_right = 705.0
offset_bottom = 279.0
rotation = 0.785398
theme_override_styles/panel = SubResource("StyleBoxFlat_q276v")

[node name="Panel21" type="Panel" parent="."]
layout_mode = 0
offset_left = 785.0
offset_top = 305.0
offset_right = 801.0
offset_bottom = 319.0
rotation = 0.785398
theme_override_styles/panel = SubResource("StyleBoxFlat_q276v")

[node name="Panel" type="Panel" parent="."]
layout_mode = 0
offset_left = 894.0
offset_top = 450.0
offset_right = 1071.0
offset_bottom = 525.0

[node name="Panel5" type="Panel" parent="."]
layout_mode = 0
offset_left = 296.0
offset_top = -166.0
offset_right = 742.0
offset_bottom = 7.0

[node name="Panel8" type="Panel" parent="."]
layout_mode = 0
offset_left = 823.0
offset_top = -166.0
offset_right = 1269.0
offset_bottom = 7.0

[node name="Panel3" type="Panel" parent="."]
layout_mode = 0
offset_left = 623.0
offset_top = 295.0
offset_right = 663.0
offset_bottom = 325.0

[node name="Panel6" type="Panel" parent="."]
layout_mode = 0
offset_left = 555.0
offset_top = 296.0
offset_right = 595.0
offset_bottom = 326.0

[node name="MORTE25" parent="." instance=ExtResource("3_3ppkh")]
position = Vector2(564, 314)
scale = Vector2(1.2, 1)

[node name="Panel16" type="Panel" parent="."]
layout_mode = 0
offset_left = 530.0
offset_top = 297.0
offset_right = 554.0
offset_bottom = 317.0
theme_override_styles/panel = SubResource("StyleBoxFlat_q276v")

[node name="Panel17" type="Panel" parent="."]
layout_mode = 0
offset_left = 338.0
offset_top = 295.0
offset_right = 528.0
offset_bottom = 424.0

[node name="Panel22" type="Panel" parent="."]
layout_mode = 0
offset_left = 686.0
offset_top = 360.0
offset_right = 706.0
offset_bottom = 381.0

[node name="Panel23" type="Panel" parent="."]
layout_mode = 0
offset_left = 679.0
offset_top = 274.0
offset_right = 702.0
offset_bottom = 297.0

[node name="Panel24" type="Panel" parent="."]
layout_mode = 0
offset_left = 774.0
offset_top = 313.0
offset_right = 797.0
offset_bottom = 336.0

[node name="Movin_Plataform-TypeL" parent="." instance=ExtResource("4_am8v0")]
position = Vector2(610, 471)

[node name="Movin_Plataform-TypeC" parent="." instance=ExtResource("6_la707")]
position = Vector2(924, 358)

[node name="Player" parent="." instance=ExtResource("2_8j48o")]
position = Vector2(999, 411)
